 Dungeon Crawl Stone Soup version 0.21-a0-352-g5b8f553 (webtiles) character file.

3340 Horrz the Fighter (level 9, -8/97 HPs)
             Began as a Troll Monk on Apr 1, 2016.
             Was a Priest of Qazlal.
             Mangled by a death yak (29 damage)
             ... on level 8 of the Dungeon on Oct 11, 2017.
             The game lasted 00:46:06 (5781 turns).

Horrz the Fighter (Troll Monk)                      Turns: 5781, Time: 00:46:07

Health: -8/97      AC:  6    Str: 22    XL:     9   Next: 72%
Magic:  18/18      EV: 12    Int:  8    God:    Qazlal [***...]
Gold:   316        SH:  4    Dex: 12    Spells: 8/8 levels left

rFire    . . .     SeeInvis .     - Unarmed
rCold    . . .     Gourm    +   (no shield)
rNeg     . . .     Faith    .   a - +1 robe
rPois    .         Spirit   .   (helmet restricted)
rElec    .         Reflect  .   (no cloak)
rCorr    .         Harm     .   (gloves unavailable)
MR       .....                  (boots unavailable)
Stlth    +.........             (no amulet)
HPRegen  1.06/turn              t - ring of magical power
MPRegen  0.16/turn              (no ring)

@: no status effects
A: unfitting armour, claws 3, fast metabolism 3, gourmand, regeneration 2,
shaggy fur 1, tough skin 2
a: Upheaval, Elemental Force, Renounce Religion


You were on level 8 of the Dungeon.
You worshipped Qazlal.
Qazlal was most pleased with you.
You were not hungry.

You visited 1 branch of the dungeon, and saw 9 of its levels.

You collected 316 gold pieces.

Inventory:

Hand Weapons
 m - a cursed -3 trident
 n - a +1 spear of piercing
Armour
 a - a +1 robe (worn)
Jewellery
 t - a ring of magical power (left claw)
Wands
 j - a wand of paralysis (12/24)
 l - a wand of polymorph (9/24)
 u - a wand of paralysis (9/24)
 C - a wand of iceblast (6/15)
Scrolls
 c - 9 scrolls of identify
 e - 2 scrolls of immolation {unknown}
 g - 3 scrolls of enchant armour
 k - a scroll of enchant weapon {unknown}
 o - a scroll of recharging
 p - a scroll of blinking
 r - 3 scrolls of teleportation
 s - a scroll of noise
 v - a scroll of fear {unknown}
 x - 2 scrolls of remove curse
 y - 2 scrolls of fog {unknown}
Potions
 d - 2 potions of mutation {unknown}
 f - 5 potions of curing
 h - 2 potions of berserk rage {unknown}
 i - a potion of agility {unknown}
 w - a potion of haste
 z - a potion of flight {unknown}
 A - a potion of brilliance {unknown}
 D - 2 potions of cancellation {unknown}
 F - a potion of heal wounds {unknown}
Comestibles
 b - 10 bread rations
 q - a royal jelly
 B - 3 fruits
 E - 5 royal jellies


   Skills:
 + Level 8.7 Fighting
 + Level 5.6 Dodging
 - Level 1.0 Stealth
 + Level 7.9 Unarmed Combat
 + Level 2.5 Invocations


You had 8 spell levels left.
You didn't know any spells.

Dungeon Overview and Level Annotations

Branches:
Dungeon (9/15)             Temple (0/1) D:6            Lair (0/8) D:9
    Orc: D:9-12

Altars:
Dithmenos
Kikubaaqudgha
Qazlal
Zin

Annotations:
D:4 Menkaure


Innate Abilities, Weirdness & Mutations

You are too large for most types of armour.
You have claws for hands.
Your metabolism is lightning-fast.
You like to eat raw meat.
You heal very quickly.
You are covered in fur. (AC +1)
You have very tough skin. (AC +2)


Message History

You are more poisoned.
The killer bee poisons you!
The death yak gores you but does no damage.
You miss the killer bee. You claw the killer bee.
You kill the killer bee!
Qazlal accepts your kill.
You feel sick.
You feel sick.
You feel sick. The death yak gores you.
* * * LOW HITPOINT WARNING * * *
You feel sick.
You feel better.
You claw the death yak!
The death yak is lightly wounded.
The death yak gores you.
* * * LOW HITPOINT WARNING * * *
You mangle the death yak!!
The death yak is heavily wounded.
The death yak gores you!!
You die...

....#.....#.#.#.#.#
###.#######.#.#.#.#
#.# #.#.#.#.# #.#
#.#.#.#.#
#.#######.#.#.#.#
#.........#.#.#.#
#############.....#
...............ยง..#
...###########..@.#
...# ##'#Y# ...#
#.#.# ...# #.#>#
...# #.#.# ####
#.#.###
#######..>..##
#....##......#
#<...'.......#


You could see a death yak.

Vanquished Creatures
  An elephant (D:9)
  A two-headed ogre (D:8)
  Sigmund (D:3)
  A basilisk (D:9)
  An orc warrior (D:6)
  3 ice beasts
  2 phantoms
  3 ogres
  2 centaurs
  A big kobold (D:7)
  Blork the orc (D:6)
  4 bullfrogs
  3 scorpions
  A killer bee (D:8)
  A water moccasin skeleton (D:4)
  A howler monkey (D:4)
  A bullfrog zombie (D:5)
  A hound (D:5)
  An orc priest (D:5)
  6 orc wizards
  A bullfrog skeleton (D:4)
  2 iguanas
  Natasha (D:3)
  Terence (D:2)
  7 worker ants
  A hound zombie (D:8)
  A hound skeleton (D:7)
  2 worker ant zombies (D:4)
  Robin (D:2)
  7 adders
  A shadow imp (D:6)
  2 oozes
  2 adder skeletons
  The ghost of Fv001 the Charlatan, a weakling FoAr (D:7)
  A dart slug (D:2)
  A worm (D:5)
  3 leopard geckos
  36 orcs
  8 bats
  5 giant cockroaches
  10 goblins
  10 hobgoblins
  2 jackals (D:7)
  4 quokkas
  A ball python (D:2)
  A ball python zombie (D:4)
  5 frilled lizards
  A jackal zombie (D:6)
  14 kobolds
  3 quokka zombies
  9 rats
180 creatures vanquished.

Notes
Turn   | Place    | Note
-------+----------+-------------------------------------------
     0 | D:1      | Horrz the Troll Monk began the quest for the Orb.
     0 | D:1      | Reached XP level 1. HP: 22/22 MP: 0/0
   175 | D:1      | Reached XP level 2. HP: 25/29 MP: 1/1
   229 | D:1      | Reached skill level 3 in Fighting
   788 | D:1      | Reached XP level 3. HP: 32/37 MP: 2/2
  1031 | D:2      | Noticed Terence
  1040 | D:2      | Killed Terence
  1040 | D:2      | Reached skill level 4 in Fighting
  1080 | D:2      | Reached XP level 4. HP: 48/48 MP: 3/3
  1194 | D:2      | Noticed Robin
  1200 | D:2      | Killed Robin
  1721 | D:3      | Reached XP level 5. HP: 51/55 MP: 4/4
  1740 | D:3      | Noticed Natasha
  1745 | D:3      | Killed Natasha
  1745 | D:3      | Reached skill level 5 in Fighting
  1845 | D:3      | Noticed Sigmund
  1856 | D:3      | Killed Sigmund
  1856 | D:3      | Reached XP level 6. HP: 50/67 MP: 5/5
  2318 | D:4      | Reached skill level 6 in Fighting
  2402 | D:4      | Noticed Menkaure
  2619 | D:4      | Reached XP level 7. HP: 76/76 MP: 6/6
  2791 | D:5      | Entered Level 5 of the Dungeon
  2864 | D:5      | Reached skill level 7 in Fighting
  2864 | D:5      | Reached skill level 5 in Unarmed Combat
  2916 | D:5      | Found an ancient bone altar of Kikubaaqudgha.
  2916 | D:5      | Found a glowing silver altar of Zin.
  2994 | D:5      | Found a stormy altar of Qazlal.
  3004 | D:5      | Became a worshipper of Qazlal Stormbringer
  3004 | D:5      | Reached * piety under Qazlal
  3004 | D:5      | Reached ** piety under Qazlal
  3187 | D:5      | Reached XP level 8. HP: 76/87 MP: 7/7
  3386 | D:5      | You fall through a shaft for 2 floors!
  3565 | D:7      | Noticed Fv001's ghost (weakling FoAr)
  3573 | D:7      | Killed Fv001's ghost
  3688 | D:6      | Found a staircase to the Ecumenical Temple.
  4179 | D:6      | Reached skill level 8 in Fighting
  4184 | D:6      | Reached *** piety under Qazlal
  4661 | D:6      | Noticed Blork the orc
  4668 | D:6      | Killed Blork the orc
  4705 | D:6      | Reached XP level 9. HP: 92/96 MP: 8/8
  4827 | D:7      | Found a shadowy altar of Dithmenos.
  5224 | D:7      | Reached skill level 5 in Dodging
  5330 | D:8      | Reached skill level 1 in Invocations
  5544 | D:8      | Upgraded the game from 0.18-a0-1673-gaded821 to 0.21-a0-243-g597973d
  5670 | D:9      | Found a staircase to the Lair.
  5671 | D:9      | Hallo Welt
  5684 | D:9      | Noticed a death yak
  5691 | D:9      | Noticed an elephant
  5710 | D:9      | Killed an elephant
  5765 | D:8      | downstairs is danger
  5765 | D:8      | Upgraded the game from 0.21-a0-243-g597973d to 0.21-a0-352-g5b8f553
  5781 | D:8      | Mangled by a death yak

Vault maps used:
D:1:      ncdulo_lavacross, minmay_surrounded
D:2:      uniq_robin, uniq_terence
D:3:      uniq_sigmund, uniq_natasha
D:4:      grunt_pakellas_mercury, serial_undead, serial_undead_d,
          serial_undead_b, serial_undead_b, serial_undead_c, serial_undead_f,
          first_bread, st_stairs_12, kennysheep_small_square, uniq_menkaure
D:5:      gammafunk_temple_overflow_elements, basic_altar
D:6:      minmay_temple_entry_glass, nicolae_ossuary_entry_false_entrances,
          uniq_blork_the_orc
D:7:      lemuel_round_altar, grunt_ogre_cave
D:9:      david_lair_generic, st_stairs_4, uniq_erica

Skill      XL: |  1  2  3  4  5  6  7  8  9 |
---------------+----------------------------+-----
Fighting       | 3 4 5 6 7 8 |  8.7
Unarmed Combat | 5 7 |  7.9
Dodging        | 3 4 5 |  5.6
Invocations    | 2 |  2.5
Stealth        | |  1.0

Action                   |  1- 3 |  4- 6 |  7- 9 || total
-------------------------+-------+-------+-------++-------
Melee: Unarmed           |   102 |   136 |   330 ||   568
       Punch             |       |       |     1 ||     1
  Use: Scroll            |     4 |     3 |     1 ||     8
       Potion            |       |       |     1 ||     1
 Stab: Sleeping          |     1 |     1 |       ||     2
  Eat: Chunk             |    13 |    15 |    16 ||    44
       Buggy             |       |       |     2 ||     2
       Chunk             |       |       |     6 ||     6
Armor: Robe              |       |       |     7 ||     7
Dodge: Dodged            |       |       |    15 ||    15
Block: Other             |       |       |     2 ||     2

Table legend:
 A = Spawn XP
 B = Non-spawn XP
 C = Spawn XP percentage of total XP
 D = Spawn monster count
 E = Non-spawn monster count
 F = Spawn count percentage of total count
 G = Total turns spent on level
                    A         B        C        D         E        F      G
               +---------+---------+-------+---------+---------+-------+---------
         Total |       0 |     782 |   0.0 |       0 |       4 |   0.0 |   237
               +---------+---------+-------+---------+---------+-------+---------
           D:8 |       0 |      66 |   0.0 |       0 |       1 |   0.0 |   137
           D:9 |       0 |     716 |   0.0 |       0 |       3 |   0.0 |   100
               +---------+---------+-------+---------+---------+-------+---------
